 Dungeon Crawl Stone Soup version 0.28.0-53-g5a82cb258f (webtiles) character file.

Game seed: 9446270143468315758

3180 issech the Protected (level 9, -8/71 HPs)
             Began as a Minotaur Monk on June 19, 2022.
             Was an Elder of Hepliaklqana.
             Killed by divine providence
             ... invoked by a smoke demon
              (12 damage)
             ... on level 3 of the Abyss.
             The game lasted 00:25:58 (9804 turns).

issech the Protected (Minotaur Monk)                Turns: 9804, Time: 00:25:58

Health: -8/71      AC: 10    Str: 16    XL:     9   Next: 63%
Magic:  8/8        EV: 14    Int:  7    God:    Hepliaklqana [****..]
Gold:   314        SH:  0    Dex: 17    Spells: 8/8 levels left

rFire   . . .      SeeInvis +   J - +0 broad axe
rCold   . . .      Faith    .   (no shield)
rNeg    + + +      Spirit   .   U - +3 leather armour "Burghof" {rN++ Slay+2}
rPois   .          Reflect  .   (helmet restricted)
rElec   .          Harm     .   c - +0 cloak
rCorr   .          Rampage  .   Q - +0 pair of gloves
Will    +....                   (no boots)
Stlth   ++........              (no amulet)
HPRegen 0.21/turn               K - ring of willpower
MPRegen 0.11/turn               O - ring of Jitymis {Fly rN+ SInv}

@: flying
A: reduced essence, horns 2, retaliatory headbutt
a: Renounce Religion, Recall Ancestor, Ancestor Identity, Transference, Idealise


You were on level 3 of the Abyss.
You worshipped Hepliaklqana.
Hepliaklqana was greatly pleased with you.
You visited 2 branches of the dungeon, and saw 10 of its levels.
You visited the Abyss 1 time.

You collected 386 gold pieces.
You spent 72 gold pieces at shops.

Inventory:

Hand Weapons
 a - a +0 hand axe
 l - a +2 dagger of venom
 m - a +0 dagger
 r - a +0 flail
 t - a +4 spear
 E - a +0 mace of protection
 J - a +0 broad axe (weapon)
 V - a +0 hunting sling
 W - a +3 dagger of chaos
Missiles
 f - 33 sling bullets
 g - 97 arrows
 j - 295 stones
 s - 3 boomerangs (quivered)
 B - 74 bolts
 H - a throwing net
 I - 6 silver javelins
 S - 2 boomerangs of dispersal
Armour
 c - a +0 cloak (worn)
 y - a +0 chain mail
 M - the +1 robe of the Monkey's Uncle {Drain Will+ Regen+}
   (You found it on level 6 of the Dungeon)

   Regen:     It increases your rate of health regeneration.
   Drain:     It drains your maximum health when unequipped.
   Will:      It increases your willpower.
 Q - a +0 pair of gloves (worn)
 U - the +3 leather armour "Burghof" (worn) {rN++ Slay+2}
   (You found it on level 8 of the Dungeon)

   Slay:      It affects your accuracy & damage with ranged weapons and melee
   (+2).
   rN:        It greatly protects you from negative energy.
 X - the +1 leather armour of Ituoth {rN++ Will- Int+4}
   (You found it on level 9 of the Dungeon)

   Int:       It affects your intelligence (+4).
   rN:        It greatly protects you from negative energy.
   Will:      It decreases your willpower.
Magical Staves
 o - a staff of cold
Jewellery
 K - a ring of willpower (left hand)
 O - the ring of Jitymis (right hand) {Fly rN+ SInv}
   (You found it on level 7 of the Dungeon)

   [ring of see invisible]

   rN:        It protects you from negative energy.
   SInv:      It lets you see invisible.
   Fly:       It grants you flight.
Wands
 C - a wand of charming (3)
 N - a wand of polymorph (16)
 R - a wand of mindburst (12)
Scrolls
 e - 2 scrolls of blinking
 h - 9 scrolls of identify
 i - 2 scrolls of amnesia
 k - 2 scrolls of immolation
 n - 3 scrolls of fog
 q - 5 scrolls of teleportation
 x - 5 scrolls of enchant armour
 G - a scroll of vulnerability
Potions
 b - 3 potions of haste {unknown}
 d - a potion of lignification {unknown}
 p - 2 potions of cancellation {unknown}
 u - a potion of mutation {unknown}
 v - a potion of magic {unknown}
 w - 3 potions of brilliance {unknown}
 z - 2 potions of ambrosia {unknown}
 A - 3 potions of degeneration {unknown}
 D - 3 potions of invisibility {unknown}
 F - 5 potions of curing
 L - 2 potions of heal wounds {unknown}
 P - 2 potions of flight {unknown}
 T - a potion of attraction {unknown}


   Skills:
 + Level 7.3 Fighting
 + Level 5.8 Short Blades
 + Level 7.5 Axes
 + Level 0.4 Throwing
 + Level 9.8 Armour
 + Level 5.1 Dodging
 + Level 3.6 Stealth


You had 8 spell levels left.
You didn't know any spells.
Your spell library contained the following spells:

 Spells                   Type           Power      Damage    Failure   Level
 Beastly Appendage        Tmut           0%         N/A       47%         1
 Freeze                   Ice            0%         1d3       47%         1
 Wereblood                Tmut           0%         N/A       63%         2
 Frozen Ramparts          Ice            0%         1d2       85%         3
 Ozocubu's Armour         Ice            0%         N/A       85%         3
 Spider Form              Tmut/Pois      0%         N/A       85%         3
 Hailstorm                Conj/Ice       0%         3d3       99%         4
 Dispersal                Tloc           0%         N/A       100%        6
 Ozocubu's Refrigeration  Ice            0%         4d5       100%        7
 Disjunction              Tloc           0%         N/A       100%        8


Dungeon Overview and Level Annotations

Branches:
Dungeon (9/15)             Temple (1/1) D:5            Lair (0/6) D:8
    Orc: D:9-12

Altars:
Ashenzari
Cheibriados
Dithmenos
Elyvilon
Fedhas
Hepliaklqana
Kikubaaqudgha
Makhleb
Nemelex Xobeh
Okawaru
Qazlal
Ru
Sif Muna
Trog
Uskayaw
Vehumet
Xom
Yredelemnul
Zin
The Shining One

Shops:
D:2 :=?


Innate Abilities, Weirdness & Mutations

Your life essence is reduced to manifest your ancestor. (-10% HP)
You have a pair of horns on your head.
You reflexively headbutt those who attack you in melee.


Message History

The flying skull hits you but does no damage.
You barely miss the flying skull. You closely miss the flying skull.
You miss the flying skull. The flying skull closely misses you.
The flying skull hits you but does no damage.
Kendra closely misses the flying skull.
The flying skull misses you. The flying skull barely misses you.
The flying skull hits you!
* * * LOW HITPOINT WARNING * * *
The flying skull barely misses you.
Kendra casts a spell at the flying skull.
The puff of frost hits the flying skull.
The flying skull resists.
You miss the flying skull.
The flying skull is lightly damaged.
You miss the flying skull. You barely miss the flying skull.
The flying skull hits you.
* * * LOW HITPOINT WARNING * * *
The flying skull closely misses you.
The flying skull hits you but does no damage. x2
The flying skull hits you.
* * * LOW HITPOINT WARNING * * *
Kendra hits the flying skull with a +0 quarterstaff.
You closely miss the flying skull.
You headbutt the flying skull, but do no damage.
The flying skull is moderately damaged.
You barely miss the flying skull. You miss the flying skull.
The flying skull hits you.
* * * LOW HITPOINT WARNING * * *
The flying skull hits you.
* * * LOW HITPOINT WARNING * * *
The flying skull barely misses you. You furiously retaliate!
You headbutt the flying skull, but do no damage.
The flying skull barely misses you. The flying skull hits you.
* * * LOW HITPOINT WARNING * * *
The flying skull hits you but does no damage.
Kendra barely misses the flying skull.
Kendra hits the flying skull with a +0 quarterstaff.
A smoke demon comes into view.
The smoke demon gestures at you. Something smites you!
You die...

## #.# ...## ####
#... ###... # ## .
#...#.####.# #.#
#..#.3#....#.###. ..
..#..#...z....# .. .
#......@zzR.#..#.#..
.....'............#
.....#.......#..#.#
..............#.#..#
#.####...........##
# .. #.........## ..
#. .##'##..#.## . ..
.. .#.. ..#.. # ยง.
. . ... . . ..#


You could see the friendly Kendra the battlemage, a smoke demon and 3 flying
skulls.

Vanquished Creatures
  Psyche (D:8)
  A troll (D:9)
  A wyvern (D:8)
  An ice beast (D:7)
  A necrophage (D:5)
  A centaur (D:9)
  A wolf (D:9)
  An ogre (D:5)
  Blork the orc (D:4)
  A wyvern zombie (D:8)
  A scorpion (D:5)
  A wyvern skeleton (D:3)
  A hound (D:5)
  2 orc priests
  A bullfrog skeleton (D:5)
  5 iguanas (D:5)
  4 orc wizards
  A hound skeleton (D:4)
  Robin (D:3)
  6 gnolls
  2 howler monkey skeletons
  5 adders
  A shadow imp (D:5)
  2 worms
  2 dart slugs
  23 orcs
  4 bats
  6 endoplasms
  5 giant cockroaches
  13 goblins
  13 hobgoblins
  3 jackals (D:3)
  4 quokkas
  7 ball pythons
  4 frilled lizards
  7 kobolds
  3 rats
137 creatures vanquished.

Vanquished Creatures (collateral kills)
  An unseen horror (D:7)
  Grum (D:9)
  A water moccasin (D:6)
  2 ogres
  3 wolves (D:9)
  A phantom (D:7)
  A bullfrog (D:8)
  An earth elemental (Abyss:3)
  A scorpion (D:5)
  A centaur zombie (D:7)
  An orc priest (D:5)
  A centaur skeleton (D:6)
  A gnoll shaman (D:8)
  A gnoll (D:6)
  An adder (D:6)
  6 orcs
  2 hobgoblins (D:5)
26 creatures vanquished.

Grand Total: 163 creatures vanquished

Notes
Turn   | Place    | Note
-------+----------+-------------------------------------------
     0 | D:1      | issech the Minotaur Monk began the quest for the Orb.
     0 | D:1      | Reached XP level 1. HP: 19/19 MP: 0/0
    62 | D:1      | Found a faded altar of an unknown god.
   182 | D:1      | Reached XP level 2. HP: 27/27 MP: 1/1
  1098 | D:2      | Reached XP level 3. HP: 32/34 MP: 2/2
  1233 | D:2      | Found Essocrir's Magic Scroll Shop.
  1240 | D:2      | Bought a scroll of identify for 24 gold pieces
  1240 | D:2      | Bought a scroll of identify for 24 gold pieces
  1240 | D:2      | Bought a scroll of identify for 24 gold pieces
  1403 | D:2      | Found Fuzufast's Book Shoppe.
  1426 | D:2      | Found Xaruh's Jewellery Shop.
  1514 | D:2      | You fall into a shaft and drop 2 floors!
  1537 | D:4      | Reached skill level 1 in Armour
  1620 | D:4      | Reached XP level 4. HP: 27/41 MP: 3/3
  1789 | D:4      | Noticed Blork the orc
  1802 | D:4      | Killed Blork the orc
  1803 | D:4      | Reached skill level 2 in Armour
  1803 | D:4      | Reached XP level 5. HP: 22/47 MP: 4/4
  1810 | D:4      | Reached skill level 5 in Axes
  2511 | D:3      | Noticed Robin
  2578 | D:3      | Killed Robin
  2579 | D:3      | Reached skill level 1 in Short Blades
  2635 | D:3      | Found a blossoming altar of Fedhas.
  3019 | D:3      | Reached skill level 3 in Armour
  3019 | D:3      | Reached XP level 6. HP: 31/55 MP: 5/5
  3205 | D:3      | Reached skill level 5 in Fighting
  4230 | D:5      | Entered Level 5 of the Dungeon
  4919 | D:5      | Reached skill level 4 in Armour
  4987 | D:5      | Reached XP level 7. HP: 44/61 MP: 6/6
  5445 | D:5      | Found a staircase to the Ecumenical Temple.
  5452 | Temple   | Entered the Ecumenical Temple
  5548 | Temple   | Became a worshipper of Hepliaklqana the Forgotten
  5548 | Temple   | Reached * piety under Hepliaklqana
  5548 | Temple   | Reached ** piety under Hepliaklqana
  5549 | Temple   | Remembered your ancestor Kendra as a battlemage
  5900 | D:5      | Reached skill level 5 in Armour
  6034 | D:5      | Reached skill level 6 in Armour
  6522 | D:6      | Reached XP level 8. HP: 50/63 MP: 7/7
  6697 | D:6      | Reached skill level 7 in Armour
  7332 | D:6      | Identified the +1 robe of the Monkey's Uncle {Drain Will+
                  | Regen+}
  7518 | D:7      | Identified the ring of Jitymis {Fly rN+ SInv}
  7586 | D:7      | Reached skill level 5 in Short Blades
  7586 | D:7      | Reached skill level 8 in Armour
  7632 | D:7      | Reached *** piety under Hepliaklqana
  7675 | D:7      | Noticed an unseen horror
  7678 | D:7      | Killed an unseen horror
  7801 | D:7      | Found a glowing golden altar of the Shining One.
  8505 | D:8      | Found a staircase to the Lair.
  8516 | D:8      | Reached XP level 9. HP: 70/70 MP: 8/8
  8588 | D:8      | Reached skill level 9 in Armour
  8747 | D:8      | Identified the +3 leather armour "Burghof" {rN++ Slay+2}
  8989 | D:8      | Noticed Psyche
  9003 | D:8      | Killed Psyche
  9431 | D:9      | Reached **** piety under Hepliaklqana
  9526 | D:9      | Noticed Grum
  9537 | D:9      | Killed Grum
  9538 | D:9      | Reached skill level 5 in Dodging
  9725 | D:9      | Identified the +1 leather armour of Ituoth {rN++ Will-
                  | Int+4}
  9745 | D:9      | Noticed a wizard
  9746 | D:9      | Noticed a centaur warrior
  9746 | D:9      | Noticed a troll
  9747 | D:9      | Noticed a freezing wraith
  9753 | D:9      | Killed a troll
  9754 | D:9      | Cast into level 3 of the Abyss (a wizard)
  9803 | Abyss:3  | Noticed a smoke demon
  9804 | Abyss:3  | Killed from afar by a smoke demon

Illustrated notes

Levels and vault maps discovered:
D:1:      ncdulo_lavacross, layout_basic, ebering_ecumenical_altar_box,
          solitary_fountain, kennysheep_pointless_box, moated_statue
D:2:      layout_loops_ring, serial_shops, shop, nicolae_shop_statue_plus,
          shop_fountains, hangedman_decor_points
D:3:      layout_loops_ring, lemuel_crystal_altar, solitary_fountain, uniq_robin
D:4:      layout_loops_corners, uniq_blork_the_orc
D:5:      corexii_shack_village, layout_gridville,
          minmay_temple_entry_metal_lava, minivault_1
D:6:      layout_rooms
D:7:      layout_cave_pods, tso_oasis_becter
D:8:      layout_basic, dpeg_oklobed_lair, uniq_psyche
D:9:      minmay_bloctagon_deflated, layout_gridville, enter_bailey_5,
          serial_shops, shop, uniq_grum
Temple:   dpeg_five_rooms_temple
Abyss:3:  base: Bailey, hangedman_decor_riveting

Skill      XL: |  1  2  3  4  5  6  7  8  9 |
---------------+----------------------------+-----
Fighting       | 4 5 6 7 |  7.3
Axes           | 4 5 7 |  7.5
Armour         | 1 2 3 4 6 8 9 |  9.8
Dodging        | 4 5 |  5.1
Short Blades   | 2 3 4 5 |  5.8
Stealth        | 2 3 |  3.6
Throwing       | |  0.4

Action                   |  1- 3 |  4- 6 |  7- 9 || total
-------------------------+-------+-------+-------++-------
Melee: Hand axe          |    38 |       |       ||    38
       Headbutt          |    11 |    33 |    37 ||    81
       Dagger            |    33 |   147 |   103 ||   283
       Punch             |     1 |     2 |     2 ||     5
       Broad axe         |       |       |    58 ||    58
Throw: Boomerang         |       |     2 |       ||     2
Invok: Ancestor Life: Ba |       |       |     1 ||     1
       Recall Ancestor   |       |       |     1 ||     1
  Use: Scroll            |     4 |     2 |     1 ||     7
 Stab: Distracted        |       |       |     4 ||     4
Armor: Ring mail         |     7 |       |       ||     7
       Robe              |     2 |       |       ||     2
       Scale mail        |    18 |    40 |       ||    58
       Chain mail        |       |    21 |    64 ||    85
       Leather armour    |       |       |    34 ||    34
Dodge: Dodged            |    36 |    60 |    96 ||   192
